 Dungeon Crawl Stone Soup version 0.21.1-1-g345015f (webtiles) character file.

95 Fang the Skirmisher (level 4, 0/30 HPs)
             Began as a Gargoyle Berserker on May 11, 2018.
             Was a Believer of Trog.
             Slain by Grinder (4 damage)
             ... on level 3 of the Dungeon.
             The game lasted 00:05:56 (1664 turns).

Fang the Skirmisher (Gargoyle Berserker)            Turns: 1664, Time: 00:05:57

Health: 0/30       AC:  5    Str: 21    XL:     4   Next: 66%
Magic:  4/4        EV: 17    Int: 13    God:    Trog [**....]
Gold:   127        SH:  0    Dex: 14    Spells: 3/3 levels left

rFire    . . .     SeeInvis .   a - +0 hand axe
rCold    . . .     Gourm    .   (no shield)
rNeg     + . .     Faith    .   b - +0 animal skin
rPois    ∞         Spirit   .   (no helmet)
rElec    +         Reflect  .   (no cloak)
rCorr    .         Harm     .   (no gloves)
MR       .....                  (no boots)
Stlth    +++.......             (no amulet)
HPRegen  0.10/turn              (no ring)
MPRegen  0.09/turn              (no ring)

@: brilliant, agile, berserk cooldown, hasted and slowed
A: negative energy resistance 1, electricity resistance, unbreathing,
petrification resistance, rot immunity, AC +3
a: Berserk, Trog's Hand, Burn Spellbooks, Renounce Religion


You were on level 3 of the Dungeon.
You worshipped Trog.
Trog was pleased with you.
You were very hungry.

You visited 1 branch of the dungeon, and saw 3 of its levels.

You collected 127 gold pieces.

Inventory:

Hand Weapons
 a - a +0 hand axe (weapon)
Armour
 b - a +0 animal skin (worn)
Jewellery
 g - an uncursed amulet of magic regeneration {unknown}
Wands
 j - a wand of iceblast (6)
Scrolls
 e - a scroll of enchant armour {unknown}
 f - 5 scrolls of enchant weapon {unknown}
 k - 2 scrolls of identify {unknown}
 l - a scroll of noise {unknown}
 m - 2 scrolls of amnesia {unknown}
 n - a scroll of fog {unknown}
 o - a scroll of magic mapping {unknown}
Comestibles
 c - 2 rations


   Skills:
 + Level 4.3 Fighting
 + Level 3.6 Axes
 + Level 2.3 Armour
 + Level 1.9 Dodging
 + Level 1.3 Stealth


You had 3 spell levels left.
You didn't know any spells.

Dungeon Overview and Level Annotations

Branches:
Dungeon (3/15)

Altars:

Annotations:
D:3 Grinder


Innate Abilities, Weirdness & Mutations

You are resistant to torment.
Your stone body is resilient. (AC +3)
You are immune to poison.
You resist negative energy. (rN+)
You are resistant to electric shocks. (rElec)
You can survive without breathing.
You are immune to petrification.
You are immune to rotting.


Message History

Things that are here:
a club; 12 gold pieces Grinder blinks!
Things that are here:
a club; 12 gold pieces Grinder hits you but does no damage.
You closely miss Grinder.
Grinder is lightly wounded.
Grinder hits you.
* * * LOW HITPOINT WARNING * * *
You writhe in agony.
* * * LOW HITPOINT WARNING * * *
Grinder hits you but does no damage.
You hit Grinder but do no damage.
Grinder is lightly wounded.
Grinder closely misses you.
You barely miss Grinder.
Grinder is lightly wounded.
Grinder hits you.
You die...

............
..####............
..................
#................
#................
##................
..................
.......5@.........
.........)........
..................
.....$[...........
...........####### ..
#################..########
#.
...........................
# #.
.................#.#.......
#. #.
.#..#)..#..#.†...........#
#. #.


You could see Grinder.

Vanquished Creatures
  2 adders
  2 oozes
  3 worms (D:2)
  2 leopard geckos (D:2)
  An orc (D:3)
  A giant cockroach (D:2)
  9 goblins
  7 hobgoblins
  6 jackals
  4 kobolds
  2 quokkas
  3 bats
  3 frilled lizards
  10 rats
55 creatures vanquished.

Notes
Turn   | Place    | Note
-------+----------+-------------------------------------------
     0 | D:1      | Fang the Gargoyle Berserker began the quest for the Orb.
     0 | D:1      | Reached XP level 1. HP: 14/14 MP: 1/1
    48 | D:1      | Reached XP level 2. HP: 20/20 MP: 2/2
   632 | D:2      | Reached XP level 3. HP: 20/24 MP: 3/3
   635 | D:2      | Reached skill level 4 in Fighting
   710 | D:2      | Reached ** piety under Trog
  1093 | D:2      | Reached skill level 1 in Stealth
  1093 | D:2      | Reached XP level 4. HP: 22/29 MP: 4/4
  1634 | D:3      | Noticed Grinder
  1664 | D:3      | Slain by Grinder

Skill      XL: |  1  2  3 |
---------------+----------+-----
Axes           | 3 |  3.6
Fighting       | 4 |  4.3
Stealth        | 1 |  1.3
Armour         | |  2.3
Dodging        | |  1.9

Action                   |  1- 3 |  4- 6 || total
-------------------------+-------+-------++-------
Melee: Hand axe          |   114 |    60 ||   174
Invok: Berserk           |       |     2 ||     2
  Use: Potion            |       |     4 ||     4
 Stab: Sleeping          |       |     2 ||     2
  Eat: Chunk             |       |     3 ||     3
Armor: Animal skin       |    41 |    21 ||    62
Dodge: Dodged            |    63 |    34 ||    97
